[Event "Titled Tuesday Blitz March 08 Late 2022"]
[White "Adewumi, Tanitoluwa"]
[Black "Nakamura, Hikaru"]
[WhiteFideId "30966396"]
[BlackFideId "2016192"]
[WhiteElo "2534"]
[BlackElo "2850"]
[Result "0-1"]
[Round "01"]
[TimeControl "180+1"]
[Date "2022.03.08"]
[WhiteClock "0:00:02"]
[BlackClock "0:00:26"]

1. Nf3 g6 2. d4 Bg7 3. e4 d6 4. Nc3 a6 5. Bc4 e6 6. O-O b5 7. Bb3 Bb7 8. Re1 Nd7 9. a4 b4 10. Nb1 Ngf6 11. Nbd2 O-O 12. a5 c5 13. c3 bxc3 14. bxc3 Qc7 15. Ba3 Rfd8 16. Bc2 Rac8 17. Bd3 Nh5 18. g3 Nhf6 19. Qe2 Ra8 20. Reb1 Rdb8 21. Nc4 d5 22. exd5 Nxd5 23. Rc1 Rd8 24. Ne3 Nxe3 25. fxe3 e5 26. e4 exd4 27. cxd4 Qb8 28. d5 Re8 29. Rab1 Qa7 30. Bc4 Nf6 31. e5 Bxd5 32. Bxd5 Nxd5 33. Bxc5 Qd7 34. Rd1 Qe6 35. Bd4 Rac8 36. Rb7 h6 37. Qf1 Nc3 38. Bxc3 Rxc3 39. Rb6 Qg4 40. Kg2 Qe4 41. Re1 Qd5 42. Rxa6 g5 43. g4 h5 44. h3 hxg4 45. hxg4 Rc4 46. Kg3 Rf4 47. Rd6 Rxf3+ 48. Qxf3 Bxe5+ 49. Kg2 Qxd6 50. Qe4 Kg7 51. a6 f6 52. Qb7+ Re7 53. a7 Rxb7 54. a8=Q Qd2+ 55. Kh3 Rb3+ 0-1


[Site "https://www.chess.com"]

[Event "Titled Tuesday Blitz March 08 Late 2022"]
[White "Aggelis, Nikolaos"]
[Black "Bortnyk, Olexandr"]
[WhiteFideId "4213220"]
[BlackFideId "14120828"]
[WhiteElo "2154"]
[BlackElo "2723"]
[Result "0-1"]
[Round "01"]
[TimeControl "180+1"]
[Date "2022.03.08"]
[WhiteClock "0:01:15"]
[BlackClock "0:02:07"]

1. d4 d6 2. g3 f5 3. Bg2 Nf6 4. c3 c6 5. Nf3 Be6 6. O-O g6 7. Ng5 Bg8 8. Nd2 d5 9. f3 h6 10. Nh3 Nbd7 11. e4 e6 12. e5 Nh7 13. Nf2 Bf7 14. b4 Be7 15. a4 O-O 16. Nd3 b6 17. Nb3 g5 18. a5 Qc7 19. axb6 axb6 20. Bb2 c5 21. Nd2 f4 22. g4 Bg6 23. bxc5 Bxd3 24. Rxa8 Rxa8 0-1


[Site "https://www.chess.com"]

[Event "Titled Tuesday Blitz March 08 Late 2022"]
[White "Al-Tarboush, Ward"]
[Black "Kozina, Anastasia"]
[WhiteFideId "7601450"]
[BlackFideId "24174017"]
[WhiteElo "2276"]
[BlackElo "1993"]
[Result "1-0"]
[Round "01"]
[TimeControl "180+1"]
[Date "2022.03.09"]
[WhiteClock "0:02:25"]
[BlackClock "0:00:56"]

1. e4 e6 2. d4 d5 3. exd5 exd5 4. Bd3 Nf6 5. Bg5 Bd6 6. Nc3 c6 7. Nge2 O-O 8. Qd2 Nbd7 9. O-O-O b5 10. h4 b4 11. Na4 c5 12. dxc5 Nxc5 13. Nxc5 Bxc5 14. Nf4 Bb7 15. Nh5 Be7 16. Nxf6+ Bxf6 17. Qf4 a5 18. Qf5 Bxg5+ 19. hxg5 g6 20. Qf4 Rc8 21. Qh4 h5 22. g4 f5 23. gxh5 d4 24. hxg6 Bxh1 25. Qh7# 1-0


[Site "https://www.chess.com"]

[Event "Titled Tuesday Blitz March 08 Late 2022"]
[White "Andersson, Bjorn 1971"]
[Black "Hambleton, Aman"]
[WhiteFideId "1702114"]
[BlackFideId "2606577"]
[WhiteElo "2207"]
[BlackElo "2552"]
[Result "0-1"]
[Round "01"]
[TimeControl "180+1"]
[Date "2022.03.09"]
[WhiteClock "0:00:08"]
[BlackClock "0:00:09"]

1. e4 b6 2. Nc3 Bb7 3. Bd3 e6 4. Nge2 c5 5. Ng3 Nc6 6. O-O h5 7. Re1 h4 8. Nf1 Bd6 9. b3 a6 10. Bb2 Qg5 11. Ne2 Nf6 12. f4 Bxf4 13. Nxf4 Qxf4 14. Qf3 Qxf3 15. gxf3 Nb4 16. Ne3 Nxd3 17. cxd3 Nh5 18. d4 cxd4 19. Bxd4 b5 20. Rec1 Bc6 21. Ng2 h3 22. Ne3 Nf4 23. Kf1 f6 24. a4 Kf7 25. axb5 Bxb5+ 26. Kf2 Nd3+ 27. Kg3 Nxc1 28. Rxc1 Rac8 29. Bc3 Rb8 30. b4 Rbc8 31. Re1 Rh5 32. f4 Rh6 33. Ng4 Rg6 34. Kf3 Bc6 35. Re3 Rh8 36. Bd4 Rh4 37. Nf2 Rg2 38. Bc5 Rxh2 39. Kg3 Rxf2 40. Kxh4 h2 41. Rh3 Rg2 42. f5 exf5 43. exf5 Rxd2 44. Kg3 h1=Q 45. Rxh1 Bxh1 46. Kf4 Rd3 47. Kg4 Bc6 48. Kf4 d6 49. Bb6 Rb3 50. Ba5 Bd7 51. Ke4 Rb1 52. Kd5 Rf1 53. Kxd6 Bxf5 54. Kd5 Bd3 55. Kd4 Bb5 56. Ke3 g5 57. Bc7 Kg6 58. Bd8 f5 59. Bxg5 Kxg5 60. Kd2 Rf4 61. Kc3 Kf6 62. Kd2 Re4 63. Kc3 Ke5 64. Kd2 Kd4 65. Kc2 Kc4 66. Kb2 Re3 67. Ka2 Rb3 68. Ka1 f4 69. Ka2 f3 70. Ka1 Rxb4 71. Ka2 a5 72. Ka3 Kc3 0-1


[Site "https://www.chess.com"]

[Event "Titled Tuesday Blitz March 08 Late 2022"]
[White "Arabidze, Meri"]
[Black "Antonova, Nadezhda"]
[WhiteFideId "13604040"]
[BlackFideId "14700182"]
[WhiteElo "2335"]
[BlackElo "1751"]
[Result "1-0"]
[Round "01"]
[TimeControl "180+1"]
[Date "2022.03.09"]
[WhiteClock "0:01:32"]
[BlackClock "0:00:01"]

1. d4 Nf6 2. Nf3 g6 3. g3 Bg7 4. Bg2 O-O 5. O-O d6 6. a4 Nc6 7. a5 e5 8. a6 Rb8 9. axb7 Bxb7 10. c3 a6 11. Na3 Re8 12. Nc4 exd4 13. cxd4 Qd7 14. e3 Nb4 15. Bd2 Nbd5 16. Qc2 Ne4 17. Rfc1 c5 18. Ba5 cxd4 19. Nxd4 Nc5 20. Rd1 Ne6 21. Ne2 Nf6 22. Nxd6 Bxg2 23. Nxe8 Qxe8 24. Kxg2 Qc8 25. Qxc8+ Rxc8 26. Rac1 Rb8 27. Bc3 Ne4 28. Bxg7 Kxg7 29. Rc2 a5 30. Nf4 N6c5 31. f3 Nf6 32. Rxc5 Rxb2+ 33. Kg1 1-0


[Site "https://www.chess.com"]

[Event "Titled Tuesday Blitz March 08 Late 2022"]
[White "Ardila, Oscar Humberto"]
[Black "Vusatiuk, Vladimir"]
[WhiteFideId "4404742"]
[BlackFideId "14118610"]
[WhiteElo "1966"]
[BlackElo "2157"]
[Result "1-0"]
[Round "01"]
[TimeControl "180+1"]
[Date "2022.03.09"]
[WhiteClock "0:00:27"]
[BlackClock "0:00:21"]

1. d4 Nf6 2. c4 e6 3. Nc3 Bb4 4. Bd2 c5 5. dxc5 Na6 6. Nf3 Nxc5 7. e3 b6 8. Be2 Bb7 9. O-O O-O 10. Qc2 Rc8 11. Rfd1 Qc7 12. Nb5 Be4 13. Qxe4 Ncxe4 14. Nxc7 Bxd2 15. Nb5 Bb4 16. Nxa7 Ra8 17. Nb5 d5 18. a3 Be7 19. Ne5 Rfc8 20. cxd5 Nxd5 21. Bf3 f5 22. Bxe4 fxe4 23. Rac1 Bf6 24. Nd7 Bxb2 25. Rxc8+ Rxc8 26. Rb1 Rc2 27. g3 Kf7 28. Nd4 Bxd4 29. exd4 Rc7 30. Ne5+ Ke7 31. a4 Ra7 32. Nc6+ Kd6 33. Nxa7 Nc3 34. Rxb6+ Kd5 35. Rb7 Nxa4 36. Rxg7 Kxd4 37. Rxh7 Nc3 38. Re7 e5 39. h4 Nd5 40. Rd7 Kc5 41. Rxd5+ Kxd5 42. Nb5 Ke6 43. Nc3 Kf5 44. Nd1 Kg4 45. Kg2 Kh5 46. Ne3 Kg6 47. g4 Kf6 48. Kf1 Ke6 49. Ke2 Kf6 50. Kd2 Ke6 51. Kc3 Kf6 52. Kc4 Ke6 53. Kc5 1-0


[Site "https://www.chess.com"]

[Event "Titled Tuesday Blitz March 08 Late 2022"]
[White "Babazada, Khazar"]
[Black "Song, Michael"]
[WhiteFideId "13413554"]
[BlackFideId "2613190"]
[WhiteElo "2418"]
[BlackElo "2274"]
[Result "1-0"]
[Round "01"]
[TimeControl "180+1"]
[Date "2022.03.08"]
[WhiteClock "0:00:38"]
[BlackClock "0:00:27"]

1. e4 e5 2. Nf3 Nc6 3. Bb5 Nf6 4. O-O Nxe4 5. d4 Nd6 6. Bxc6 dxc6 7. dxe5 Nf5 8. Qxd8+ Kxd8 9. Nc3 Bd7 10. h3 Be7 11. a3 Kc8 12. Ne4 h6 13. Bd2 Nh4 14. Nxh4 Bxh4 15. Nc5 Bf5 16. Bc3 b6 17. Nb3 Bxc2 18. Nd4 Be4 19. Rfe1 Bd5 20. Nf5 Bd8 21. Nxg7 Rg8 22. e6 fxe6 23. g3 Kd7 24. Rad1 Ke7 25. Nf5+ Kd7 26. Nxh6 Rf8 27. Ng4 c5 28. Ne3 c6 29. Be5 Be7 30. h4 Bd6 31. Bxd6 Kxd6 32. f4 b5 33. Kf2 a6 34. h5 c4 35. Ng4 a5 36. Ne5 Rf5 37. Ke3 Rxe5+ 38. fxe5+ Kxe5 39. g4 Rg8 40. Rg1 Kf6 41. g5+ Rxg5 42. Rdf1+ 1-0


[Site "https://www.chess.com"]

[Event "Titled Tuesday Blitz March 08 Late 2022"]
[White "Baker, Chris W"]
[Black "Risteski, Emil"]
[WhiteFideId "401676"]
[BlackFideId "15005267"]
[WhiteElo "2256"]
[BlackElo "2070"]
[Result "1-0"]
[Round "01"]
[TimeControl "180+1"]
[Date "2022.03.09"]
[WhiteClock "0:00:07"]
[BlackClock "0:00:22"]

1. c4 e5 2. Nc3 Be7 3. Nf3 d6 4. d4 Nc6 5. d5 Nb8 6. e4 a5 7. Be2 f5 8. exf5 Bxf5 9. O-O Na6 10. Nd2 Nf6 11. f3 O-O 12. Nde4 Nxe4 13. fxe4 Bg6 14. Be3 Rxf1+ 15. Qxf1 Bg5 16. Bf2 Nc5 17. Bf3 Qe7 18. Qe2 Rf8 19. Rf1 h6 20. a3 Na6 21. Bg4 Kh7 22. Bg3 Bf4 23. Bxf4 exf4 24. Bf3 Qe5 25. Nb5 Rf7 26. Re1 Re7 27. Qf2 Nc5 28. Qc2 Nxe4 29. Bxe4 Bxe4 30. Qd2 Qf5 31. Nc3 Re5 32. Nxe4 Rxe4 33. Rxe4 Qxe4 34. Qxa5 Qd4+ 35. Kf1 Qxc4+ 36. Kf2 Qd4+ 37. Kf1 Qd3+ 38. Kf2 Qe3+ 39. Kf1 Qc1+ 40. Kf2 Qxb2+ 41. Kf3 Qd4 42. Qxc7 Qe3+ 43. Kg4 Qe2+ 44. Kf5 Qe5+ 45. Kg4 Qg5+ 46. Kf3 Qxd5+ 47. Kxf4 Qe5+ 48. Kf3 Qd5+ 49. Kf4 Qd4+ 50. Kf3 Qd5+ 51. Kf2 Qc6 52. Qe7 Qc5+ 53. Kf3 Qd5+ 54. Ke3 Qe5+ 55. Qxe5 dxe5 56. Ke4 Kg6 57. Kxe5 Kf7 58. Kf5 g6+ 59. Ke5 Ke7 60. h4 h5 61. g3 Kf7 62. Kd6 g5 63. Kc7 gxh4 64. gxh4 Kf6 65. Kxb7 Kf5 66. a4 Kg4 67. a5 Kxh4 68. a6 Kg3 69. a7 h4 70. a8=Q h3 71. Kb6 h2 72. Qh1 Kh3 1-0


[Site "https://www.chess.com"]

[Event "Titled Tuesday Blitz March 08 Late 2022"]
[White "Bashirli, Nail"]
[Black "Pavlidou, Ekaterini"]
[WhiteFideId "13406809"]
[BlackFideId "4213262"]
[WhiteElo "2670"]
[BlackElo "2350"]
[Result "1-0"]
[Round "01"]
[TimeControl "180+1"]
[Date "2022.03.09"]
[WhiteClock "0:00:52"]
[BlackClock "0:01:44"]

1. e4 c5 2. Nc3 Nc6 3. Bb5 Nd4 4. Nge2 e6 5. O-O a6 6. Bd3 b5 7. Nxd4 cxd4 8. Ne2 Qb6 9. c3 dxc3 10. dxc3 Bc5 11. a4 b4 12. cxb4 Bxb4 13. Be3 Qb8 14. Rc1 Ne7 15. Bf4 Bd6 16. Qd2 Bxf4 17. Nxf4 O-O 18. Rfe1 Bb7 19. Bb1 d5 20. e5 Ng6 21. Bxg6 hxg6 22. Rc3 g5 23. Nh5 d4 24. Qxg5 g6 25. Qf6 1-0


[Site "https://www.chess.com"]

[Event "Titled Tuesday Blitz March 08 Late 2022"]
[White "Batsiashvili, Nino"]
[Black "Beerdsen, Thomas"]
[WhiteFideId "13602993"]
[BlackFideId "1030108"]
[WhiteElo "2192"]
[BlackElo "2585"]
[Result "0-1"]
[Round "01"]
[TimeControl "180+1"]
[Date "2022.03.08"]
[WhiteClock "0:01:37"]
[BlackClock "0:01:51"]

1. d4 d5 2. c4 Nc6 3. cxd5 Qxd5 4. e3 e5 5. Nc3 Bb4 6. Bd2 Bxc3 7. bxc3 Qd6 8. Bd3 Nf6 9. Ne2 b6 10. O-O Bb7 11. f4 exd4 12. cxd4 O-O-O 13. a4 a5 14. Rc1 Kb8 15. Qb3 Rd7 16. Bf5 Re7 17. Rc2 g6 18. Bh3 Ne4 19. Be1 f5 20. Nc3 Nxc3 21. Rxc3 Rhe8 22. Bd2 Nxd4 23. exd4 Qxd4+ 24. Kh1 Qxd2 25. Rcc1 Qxc1 26. Rxc1 Re1+ 27. Rxe1 Rxe1# 0-1


[Site "https://www.chess.com"]

[Event "Titled Tuesday Blitz March 08 Late 2022"]
[White "Bellissimo, Joseph F."]
[Black "Antonio, Jorge Carlos"]
[WhiteFideId "2609843"]
[BlackFideId "113190"]
[WhiteElo "2061"]
[BlackElo "2247"]
[Result "1-0"]
[Round "01"]
[TimeControl "180+1"]
[Date "2022.03.09"]
[WhiteClock "0:01:37"]
[BlackClock "0:01:32"]

1. e4 c5 2. Nf3 e6 3. c3 Nc6 4. d4 cxd4 5. cxd4 a6 6. Nc3 d5 7. e5 Bb4 8. a3 Bxc3+ 9. bxc3 Nge7 10. Bd3 b5 11. a4 b4 12. Bd2 bxc3 13. Bxc3 a5 14. Qe2 h6 15. h4 Rb8 16. Rh3 Rb3 17. Qc2 Rxc3 18. Qxc3 Nb4 19. Bb5+ Bd7 20. Kf1 O-O 21. Rg3 Nf5 22. Rg4 h5 23. Rg5 g6 24. g4 hxg4 25. Rxg4 Kg7 26. h5 Rh8 27. hxg6 fxg6 28. Kg2 Nh6 29. Rg5 Qe7 30. Qc7 Rd8 31. Rg1 Nf7 32. Rg3 Kf8 33. Rxg6 Bxb5 34. Rg8+ Kxg8 35. Qxe7 1-0


[Site "https://www.chess.com"]

[Event "Titled Tuesday Blitz March 08 Late 2022"]
[White "Brunner, Nicolas"]
[Black "Rustemov, Alexander"]
[WhiteFideId "620246"]
[BlackFideId "4119002"]
[WhiteElo "2437"]
[BlackElo "2777"]
[Result "0-1"]
[Round "01"]
[TimeControl "180+1"]
[Date "2022.03.09"]
[WhiteClock "0:00:19"]
[BlackClock "0:00:28"]

1. d4 d5 2. c4 dxc4 3. e4 Nf6 4. e5 Nd5 5. Bxc4 Nb6 6. Bd3 Nc6 7. Ne2 Be6 8. Nbc3 Qd7 9. Be3 O-O-O 10. O-O Nxe5 11. dxe5 Qxd3 12. Qxd3 Rxd3 13. Nf4 Rd7 14. Nxe6 fxe6 15. Rad1 Nd5 16. Ne4 Nxe3 17. Rxd7 Nd5 18. Rxd5 exd5 19. Ng5 g6 20. f4 c6 21. Rf3 Kd7 22. Rh3 h6 23. e6+ Kc7 24. Nf7 Rg8 25. Nxh6 Rh8 26. Nf7 Rxh3 27. gxh3 c5 28. Kf2 Bg7 29. b3 b5 30. h4 c4 31. f5 gxf5 32. h5 Bf6 33. h6 c3 34. Ke2 d4 35. h7 f4 36. h8=Q Bxh8 37. Nxh8 f3+ 0-1


[Site "https://www.chess.com"]

[Event "Titled Tuesday Blitz March 08 Late 2022"]
[White "Bryakin, Mikhail"]
[Black "Koutlas, Nikolaos"]
[WhiteFideId "4165314"]
[BlackFideId "25827138"]
[WhiteElo "2764"]
[BlackElo "2434"]
[Result "1-0"]
[Round "01"]
[TimeControl "180+1"]
[Date "2022.03.09"]
[WhiteClock "0:00:50"]
[BlackClock "0:00:02"]

1. e4 e6 2. d4 d5 3. Nc3 Nf6 4. e5 Nfd7 5. f4 c5 6. Nf3 Nc6 7. a3 a6 8. Be3 b5 9. dxc5 Bxc5 10. Bxc5 Nxc5 11. Ne2 O-O 12. Ned4 Bb7 13. Nxc6 Bxc6 14. Qd4 Qe7 15. Bd3 a5 16. O-O f6 17. exf6 gxf6 18. Rae1 Ne4 19. Re2 b4 20. axb4 axb4 21. Rfe1 Qa7 22. Qxa7 Rxa7 23. Nd4 Ba8 24. Nxe6 Re8 25. Nd4 Ra2 26. b3 Kf7 27. g3 Ra7 28. Nb5 Rd7 29. f5 Re5 30. Nd4 Rde7 31. Kg2 Nc3 32. Rxe5 fxe5 33. Ne6 e4 34. Bf1 Kf6 35. g4 Ke5 36. Ra1 Bb7 37. Ra7 d4 38. Ba6 e3+ 39. Rxb7 Rxb7 40. Bxb7 Nb1 41. Bf3 Na3 42. Bd1 Nb5 43. Kf3 Nc3 44. Be2 Nd5 45. Bd3 Nb6 46. h4 Nd7 47. Nf4 Nf6 48. Ne2 Nd5 49. g5 Ne7 50. f6 Ng6 1-0


[Site "https://www.chess.com"]

[Event "Titled Tuesday Blitz March 08 Late 2022"]
[White "Caruana, Fabiano"]
[Black "Di Nicolantonio, Lucas"]
[WhiteFideId "2020009"]
[BlackFideId "680460"]
[WhiteElo "2744"]
[BlackElo "2381"]
[Result "1-0"]
[Round "01"]
[TimeControl "180+1"]
[Date "2022.03.08"]
[WhiteClock "0:00:54"]
[BlackClock "0:00:04"]

1. d4 d5 2. Bf4 c5 3. e3 cxd4 4. exd4 Nc6 5. c3 Bf5 6. Nd2 e6 7. Qb3 Qd7 8. Ngf3 f6 9. Be2 g5 10. Bg3 h5 11. h4 g4 12. Nh2 Nh6 13. O-O Bd6 14. Rfe1 O-O 15. Nhf1 Bg6 16. Qd1 Nf5 17. Nb3 Bxg3 18. Nxg3 Nxh4 19. Bd3 f5 20. Nc5 Qh7 21. Rxe6 f4 22. Bxg6 Nxg6 23. Qd3 Nce7 24. Nf1 f3 25. g3 Nf5 26. Ne3 Nge7 27. Nd7 Kh8 28. Nxf8 Rxf8 29. Re1 h4 30. gxh4 Qxh4 31. Nxf5 Nxf5 32. Re8 Qh3 33. Rxf8+ Kg7 34. Rf7+ Kg6 35. Qxf5+ 1-0


[Site "https://www.chess.com"]

[Event "Titled Tuesday Blitz March 08 Late 2022"]
[White "Celestino, Rafael Teixeira"]
[Black "Ezat, Mohamed"]
[WhiteFideId "2108925"]
[BlackFideId "10600906"]
[WhiteElo "2260"]
[BlackElo "2386"]
[Result "1-0"]
[Round "01"]
[TimeControl "180+1"]
[Date "2022.03.09"]
[WhiteClock "0:00:08"]
[BlackClock "0:00:10"]

1. e4 e5 2. Nf3 Nc6 3. Bc4 Nf6 4. Ng5 d5 5. exd5 b5 6. Bb3 Nd4 7. O-O h6 8. Nf3 Bg4 9. Re1 Bxf3 10. Rxe5+ Be7 11. gxf3 O-O 12. Nc3 Bd6 13. Re1 Re8 14. Rxe8+ Qxe8 15. d3 Qe5 16. f4 Qf5 17. Be3 c5 18. Bxd4 cxd4 19. Nxb5 Bxf4 20. Nxd4 Qg5+ 21. Kh1 Qh4 22. Qg1 Ng4 23. Nf3 Nxf2+ 24. Kg2 Qe7 25. Qxf2 a5 26. Re1 Qf6 27. d6 Bxd6 28. Bd5 Rb8 29. b3 a4 30. Kh1 Bb4 31. Rf1 Rd8 32. Bc4 Bd6 33. Nh4 Qe7 34. Qxf7+ Qxf7 35. Bxf7+ Kh8 36. Ng6+ Kh7 37. Bc4 a3 38. Nf4 Re8 39. Ne6 Re7 40. Nf8+ Kh8 41. Ne6 g5 42. Rf6 Kh7 43. Nxg5+ hxg5 44. Rxd6 Re2 45. Ra6 Re1+ 46. Kg2 Re2+ 47. Kg3 Rxc2 48. Rxa3 Rxc4 49. bxc4 g4 50. c5 Kg6 51. c6 Kh5 52. c7 Kg5 53. c8=Q Kh5 54. Qc5+ Kh6 55. Ra6+ Kg7 56. Qc7+ Kf8 57. Ra8# 1-0


[Site "https://www.chess.com"]

[Event "Titled Tuesday Blitz March 08 Late 2022"]
[White "Chernomordik, Pavel"]
[Black "Vakhlamov, Igor L."]
[WhiteFideId "2804530"]
[BlackFideId "24126748"]
[WhiteElo "2249"]
[BlackElo "2401"]
[Result "1-0"]
[Round "01"]
[TimeControl "180+1"]
[Date "2022.03.08"]
[WhiteClock "0:00:08"]
[BlackClock "0:00:03"]

1. e4 c5 2. Nc3 Nc6 3. Bb5 Nd4 4. Bc4 e6 5. Nge2 Nf6 6. O-O Nc6 7. Bb5 Qc7 8. f4 d6 9. Ng3 Bd7 10. f5 Be7 11. d3 a6 12. Bxc6 Bxc6 13. fxe6 fxe6 14. Nh5 Nxh5 15. Qxh5+ g6 16. Qg4 Qd7 17. Bh6 O-O-O 18. Rf7 e5 19. Qf3 Rde8 20. Nd5 Bxd5 21. exd5 Qd8 22. Qg4+ Kb8 23. Raf1 Ka8 24. Kh1 Bf8 25. Bg5 Be7 26. Bh6 Bf8 27. Be3 Be7 28. b4 cxb4 29. Qxb4 Rhf8 30. Rb1 Qc8 31. Rxh7 Rh8 32. Rf7 Rhf8 33. Qb6 Qb8 34. Rh7 Rh8 35. Rg7 Rhg8 36. Rxg8 Rxg8 37. h3 Bd8 38. Qb4 Qc7 39. Rb3 Qxc2 40. Qxb7# 1-0


[Site "https://www.chess.com"]

[Event "Titled Tuesday Blitz March 08 Late 2022"]
[White "Chiu, Isaac"]
[Black "Romero Ruscalleda, Josep"]
[WhiteFideId "30900654"]
[BlackFideId "2231859"]
[WhiteElo "2631"]
[BlackElo "2313"]
[Result "1-0"]
[Round "01"]
[TimeControl "180+1"]
[Date "2022.03.09"]
[WhiteClock "0:00:11"]
[BlackClock "0:00:01"]

1. Nf3 g6 2. e4 Bg7 3. d4 d6 4. Nc3 a6 5. a4 Nc6 6. h3 e5 7. dxe5 Nxe5 8. Bf4 Nxf3+ 9. Qxf3 Ne7 10. Bc4 O-O 11. Bg5 Be6 12. Nd5 Bxd5 13. Bxd5 c6 14. Bb3 Bxb2 15. Rd1 Qa5+ 16. Bd2 Qe5 17. O-O Kg7 18. Bf4 Qf6 19. Rxd6 Qc3 20. Rd3 Qa5 21. Bd6 Rae8 22. Rfd1 Be5 23. Ba3 f5 24. Rd7 c5 25. exf5 Rxf5 26. Qxb7 Bf6 27. Qe4 Qc3 28. Bc1 Re5 29. Qg4 Re1+ 30. Kh2 Rxd1 31. Qxd1 Be5+ 32. g3 Bf6 33. Be3 c4 34. Ba2 Kh8 35. Kg2 Qe5 36. Bxc4 Qe4+ 37. Qf3 Qxf3+ 38. Kxf3 Nf5 39. Bc1 Nd4+ 40. Kg2 Nxc2 41. Bxa6 Ne1+ 42. Kf1 Nf3 43. Be3 Ne5 44. Rb7 Nc6 45. Kg2 Ra8 46. Bb5 Ne5 47. Bb6 Bd8 48. Bxd8 Rxd8 49. a5 Nd3 50. Bxd3 Rxd3 51. a6 Ra3 52. a7 Kg8 53. Rb8+ 1-0


[Site "https://www.chess.com"]

[Event "Titled Tuesday Blitz March 08 Late 2022"]
[White "Csonka, Balazs"]
[Black "Xie, Bryan"]
[WhiteFideId "742910"]
[BlackFideId "30941296"]
[WhiteElo "2404"]
[BlackElo "1899"]
[Result "1-0"]
[Round "01"]
[TimeControl "180+1"]
[Date "2022.03.09"]
[WhiteClock "0:00:10"]
[BlackClock "0:00:14"]

1. e4 c5 2. Nf3 e6 3. b3 Nf6 4. e5 Nd5 5. Bb2 Nc6 6. c4 Nde7 7. Na3 Nf5 8. Bd3 Nfd4 9. Nc2 Qc7 10. Ncxd4 cxd4 11. Qe2 Bc5 12. O-O b6 13. Be4 Bb7 14. d3 Rb8 15. a3 a5 16. Rfb1 Nxe5 17. Bxb7 Ng4 18. Ba6 h5 19. h3 Qf4 20. Bc1 Qf5 21. b4 axb4 22. axb4 Bd6 23. Bb5 Nf6 24. Bg5 Nh7 25. Bc1 Nf6 26. Nxd4 Qg6 27. Nf3 Qf5 28. Bb2 Rh6 29. Be5 Rg6 30. Bxd6 Qxh3 31. Ne1 Rd8 32. Qf3 Qh4 33. Ra7 Qd4 34. Bg3 h4 35. Qf4 Qc3 36. Qxh4 Ke7 37. Qf4 Ne8 38. Nf3 f6 39. Qe3 Qc2 40. Re1 Kf8 41. Rxd7 Rxd7 42. Bxd7 f5 43. Bxe8 Kxe8 44. Qxb6 Qxd3 45. Rxe6+ Rxe6 46. Qxe6+ Kd8 47. Qd5+ Qxd5 48. cxd5 Kd7 49. Be5 Ke7 50. Nh4 g6 51. Nxg6+ Kf7 52. Nh4 Ke7 53. Nxf5+ 1-0


[Site "https://www.chess.com"]

[Event "Titled Tuesday Blitz March 08 Late 2022"]
[White "Dardha, Daniel"]
[Black "Sliwicki, Damian"]
[WhiteFideId "240990"]
[BlackFideId "1127128"]
[WhiteElo "2730"]
[BlackElo "2409"]
[Result "1-0"]
[Round "01"]
[TimeControl "180+1"]
[Date "2022.03.09"]
[WhiteClock "0:01:47"]
[BlackClock "0:00:35"]

1. e4 c5 2. Nc3 g6 3. d4 cxd4 4. Qxd4 Nf6 5. Nf3 Nc6 6. Qa4 d6 7. e5 dxe5 8. Nxe5 Bg7 9. Nxc6 bxc6 10. g3 O-O 11. Bg2 Bf5 12. O-O Rb8 13. Re1 Nd5 14. Qxc6 Nxc3 15. bxc3 Rc8 16. Qb7 Bxc3 17. Bh6 Bxe1 18. Rxe1 Re8 19. Qxa7 Rxc2 20. a4 Ra2 21. Qe3 e5 22. Bc6 Re6 23. Bb5 Rb2 24. Bc4 Rd6 25. Qxe5 1-0


[Site "https://www.chess.com"]

[Event "Titled Tuesday Blitz March 08 Late 2022"]
[White "Denishev, Marat"]
[Black "Gerbelli Neto, Eduardo"]
[WhiteFideId "24131563"]
[BlackFideId "2103281"]
[WhiteElo "2197"]
[BlackElo "2178"]
[Result "1-0"]
[Round "01"]
[TimeControl "180+1"]
[Date "2022.03.09"]
[WhiteClock "0:01:04"]
[BlackClock "0:00:35"]

1. d4 d5 2. c4 c6 3. Nf3 Nf6 4. Nc3 dxc4 5. a4 Bf5 6. Ne5 e6 7. Nxc4 Bb4 8. e3 Nbd7 9. Bd3 Bg6 10. O-O O-O 11. Qe2 Qe7 12. e4 e5 13. dxe5 Nxe5 14. Nxe5 Qxe5 15. f4 Qe7 16. e5 Bxd3 17. Qxd3 Bxc3 18. bxc3 Qc5+ 19. Kh1 Rfd8 20. Qf3 Nd5 21. Bd2 Nb6 22. Be1 Nc4 23. Bh4 Rd2 24. Rae1 Re8 25. h3 Qd5 26. Qg4 h5 27. Qg5 g6 28. f5 Rxe5 29. Rxe5 Qxe5 30. fxg6 Qxg5 31. gxf7+ Kf8 32. Bxg5 Rd6 33. Be7+ 1-0


[Site "https://www.chess.com"]

[Event "Titled Tuesday Blitz March 08 Late 2022"]
[White "Derraugh, Geordie"]
[Black "Supatashvili, Khvicha"]
[WhiteFideId "2603950"]
[BlackFideId "13600664"]
[WhiteElo "2410"]
[BlackElo "2731"]
[Result "1-0"]
[Round "01"]
[TimeControl "180+1"]
[Date "2022.03.09"]
[WhiteClock "0:00:06"]
[BlackClock "0:00:04"]

1. e4 c6 2. c4 d5 3. exd5 cxd5 4. cxd5 Nf6 5. Nc3 Nxd5 6. Bc4 Nxc3 7. Qb3 e6 8. bxc3 Nc6 9. Bb5 Bd7 10. d4 Bd6 11. Nf3 O-O 12. O-O Rc8 13. Bd3 Na5 14. Qc2 h6 15. Be3 Nc4 16. Rfe1 b5 17. Nd2 Nxe3 18. fxe3 Bc6 19. e4 e5 20. Qb2 b4 21. cxb4 exd4 22. Nf3 Re8 23. Qxd4 Qe7 24. a3 Bc7 25. Qb2 Bb6+ 26. Kh1 Rcd8 27. Bc2 g5 28. h3 h5 29. Rad1 g4 30. Ng1 Bc7 31. Rxd8 Rxd8 32. Qc3 Bb7 33. Bb3 Be5 34. Qe3 Kg7 35. Rf1 f6 36. h4 f5 37. Qg5+ Qxg5 38. hxg5 Bxe4 39. Rc1 h4 40. Ne2 h3 41. Kg1 h2+ 42. Kh1 Rd2 43. Re1 g3 44. Be6 f4 45. Bg4 Kg6 46. Nxf4+ Bxf4 47. Rxe4 Kxg5 48. Bf3 Rf2 49. Re1 Ra2 50. b5 Rxa3 51. Bc6 Ra2 52. Rf1 Be3 53. Re1 Bf2 54. Rd1 Kf4 55. Rc1 Ke5 56. Rd1 Ke6 57. Bd5+ Ke5 58. Bxa2 Ke4 59. Bd5+ Ke5 60. Bf3 Kf4 61. Rc1 Ke5 62. Rc4 Kd6 63. Rg4 Ke5 64. Rg6 Kd4 65. Rc6 Ke5 66. Rc4 Kd6 67. Be2 Ke5 68. Rc3 Kd6 69. Rf3 Ke5 70. Rxf2 gxf2 71. Kxh2 Kf4 72. g3+ Ke3 73. Bf1 Kf3 74. Kh3 Ke3 75. Kg2 Kd2 76. Kxf2 1-0


[Site "https://www.chess.com"]

[Event "Titled Tuesday Blitz March 08 Late 2022"]
[White "Desideri, Ricardo Maruchi"]
[Black "Hnydiuk, Aleksander"]
[WhiteFideId "2110440"]
[BlackFideId "1109057"]
[WhiteElo "1945"]
[BlackElo "2374"]
[Result "0-1"]
[Round "01"]
[TimeControl "180+1"]
[Date "2022.03.09"]
[WhiteClock "0:01:48"]
[BlackClock "0:02:27"]

1. e4 Nf6 2. e5 Nd5 3. d4 d6 4. c4 Nb6 5. f4 dxe5 6. fxe5 Nc6 7. Be3 Bf5 8. Nc3 e6 9. Be2 Be7 10. Nf3 O-O 11. O-O f6 12. exf6 Bxf6 13. a3 Qe8 14. d5 exd5 15. Bxb6 axb6 16. Qxd5+ Kh8 17. Qxf5 Bxc3 18. Nd4 Bxd4+ 0-1


[Site "https://www.chess.com"]

[Event "Titled Tuesday Blitz March 08 Late 2022"]
[White "Dilmukhametov, Artur"]
[Black "Taichman, Ori"]
[WhiteFideId "24179922"]
[BlackFideId "2804069"]
[WhiteElo "2237"]
[BlackElo "2227"]
[Result "0-1"]
[Round "01"]
[TimeControl "180+1"]
[Date "2022.03.09"]
[WhiteClock "0:00:01"]
[BlackClock "0:00:53"]

1. d4 Nf6 2. Nc3 d5 3. Bf4 e6 4. e3 Bb4 5. Bd3 c5 6. dxc5 Nbd7 7. Nf3 Nxc5 8. O-O Nxd3 9. cxd3 O-O 10. Rc1 b6 11. a3 Bd6 12. Ne5 Ba6 13. b3 Rc8 14. b4 d4 15. e4 Rxc3 16. Nc6 Bxf4 17. Rxc3 dxc3 18. Nxd8 Rxd8 19. Qc2 Bd2 20. Rd1 Bxd3 21. Rxd2 cxd2 22. Qxd2 Nxe4 23. Qf4 h6 24. Qc7 Rd5 25. Qxa7 b5 26. a4 Bc2 27. h4 Bxa4 28. Qe7 Nf6 29. f3 Rd7 30. Qc5 Kh7 31. Kh2 Nd5 32. Qd4 Rc7 33. Qe4+ Kg8 34. Qe5 Rc4 35. g4 Nxb4 36. Kg3 Nd5 37. g5 hxg5 38. hxg5 Ne7 39. Qb8+ Kh7 40. Qf8 Kg6 41. Qxe7 b4 42. Qa7 Bc6 43. Qe3 Bd5 44. Qd2 Rc3 0-1


[Site "https://www.chess.com"]